 Dungeon Crawl Stone Soup version 0.22-a0-460-g49b1da7 (webtiles) character file.

13869 Tallim the Cleaver (level 11, -13/100 HPs)
             Began as a Minotaur Berserker on June 9, 2018.
             Was a High Priest of Trog.
             Succumbed to poison (poison gas)
             ... on level 3 of the Lair of Beasts.
             The game lasted 00:33:50 (8677 turns).

Tallim the Cleaver (Minotaur Berserker)             Turns: 8677, Time: 00:33:51

Health: -13/100    AC: 20    Str: 28    XL:     11   Next: 81%
Magic:  10/10      EV:  7    Int: 10    God:    Trog [*****.]
Gold:   396        SH: 21    Dex: 11    Spells: 10/10 levels left

rFire    . . .     SeeInvis .   a - +1 hand axe
rCold    . . .     Gourm    .   z - +2 large shield
rNeg     . . .     Faith    .   M - +0 plate armour
rPois    .         Spirit   .   (helmet restricted)
rElec    .         Reflect  .   (no cloak)
rCorr    .         Harm     .   (no gloves)
MR       .....                  y - +1 pair of boots
Stlth    ..........             (no amulet)
HPRegen  0.26/turn              g - +3 ring of protection
MPRegen  0.12/turn              D - +5 ring of strength

@: brilliant, lethally poisoned (-13 -> -185), berserk cooldown, slowed, very
slow
A: retaliatory headbutt, horns 2
a: Berserk, Trog's Hand, Brothers in Arms, Renounce Religion


You were on level 3 of the Lair of Beasts.
You worshipped Trog.
Trog was extremely pleased with you.
You were not hungry.

You visited 2 branches of the dungeon, and saw 12 of its levels.

You collected 396 gold pieces.

Inventory:

Hand Weapons
 a - a +1 hand axe (weapon)
 B - a +0 dagger
 R - a +0 battleaxe of electrocution
Missiles
 f - 6 tomahawks (quivered)
 q - 3 throwing nets
 A - 240 stones
Armour
 b - a +0 animal skin
 j - a +1 scale mail
 n - a +0 leather armour
 t - a +0 chain mail
 y - a +1 pair of boots (worn)
 z - a +2 large shield (worn)
 M - a +0 plate armour (worn)
 S - +0 swamp dragon scales
Jewellery
 e - an uncursed ring of wizardry
 g - a +3 ring of protection (left hand)
 l - an uncursed ring of see invisible
 D - a +5 ring of strength (right hand)
 E - a cursed ring of teleportation
 P - a +1 ring of protection
 Q - an uncursed ring of resist corrosion {unknown}
Wands
 x - a wand of paralysis (11)
 I - a wand of acid (5)
 J - a wand of disintegration (8)
 K - a wand of random effects (25)
 L - a wand of flame (27)
 O - a wand of scattershot (3)
Scrolls
 h - 12 scrolls of remove curse
 p - 5 scrolls of identify
 s - 2 scrolls of blinking
 v - 2 scrolls of enchant armour
 G - 7 scrolls of teleportation
 N - a scroll of fear
Potions
 d - a potion of invisibility {unknown}
 i - 4 potions of lignification
 k - a potion of degeneration {unknown}
 m - 2 potions of resistance
 o - 2 potions of mutation {unknown}
 r - a potion of brilliance
 u - a potion of magic {unknown}
 w - 3 potions of agility
 C - 2 potions of heal wounds {unknown}
 F - 2 potions of flight {unknown}
 H - a potion of curing {unknown}
Comestibles
 c - 3 rations


   Skills:
 + Level 10.2 Fighting
 + Level 13.1 Axes
 - Level 1.6 Throwing
 + Level 10.5 Armour
 + Level 6.1 Dodging
 + Level 1.6 Stealth
 + Level 10.5 Shields


You had 10 spell levels left.
You didn't know any spells.
Your spell library was empty.

Dungeon Overview and Level Annotations

Branches:
Dungeon (9/15)             Temple (0/1) D:5            Lair (3/6) D:9
 Shoals (0/4) Lair:3
  Snake: Lair:2-4    Spider: Lair:2-4       Orc: D:9-12

Altars:
Ashenzari
Qazlal
Trog

Annotations:
Lair:3 1 transporter


Innate Abilities, Weirdness & Mutations

You reflexively headbutt those who attack you in melee.
You have a pair of horns on your head.


Message History

There is an open gate, spattered with blood here.
Things that are here:
+0 swamp dragon scales; a swamp dragon corpse; a spiny frog corpse S - +0 swamp dragon scales You feel a strong urge to attack something.
You are engulfed in poison gas.
You are more poisoned.
* * * LOW HITPOINT WARNING * * *
x2 You feel extremely sick.
You are no longer berserk.
You are exhausted.
You feel yourself slow down.
* * * LOW HITPOINT WARNING * * *
You feel extremely sick.
It was a potion of brilliance.
You feel clever all of a sudden.
You are engulfed in poison gas.
You are more poisoned.
* * * LOW HITPOINT WARNING * * *
You die...

...(.........#########...
.....÷÷......#§§§§§§§#
.....÷.......#§§§§§§§#
.....P÷.>.#..#§§#©#§§#
.............#§§§..§§#
....##...#.###§§#)#§§#
#####.....#.##§§§..§§#
#....P...####§§§####
##...#...#§§§@§§§§§#
##P####÷#§§§§§§§§§#
#####..#§§§§§§§§§#
#...##.#§§§[)%§§§#
#......#§§§?©?§§§#
##......##############..
#..P.........©.........P
######.........P..###..P
######...#...#


There were no monsters in sight!

Vanquished Creatures
  A two-headed ogre (D:8)
  2 swamp dragons (Lair:3)
  Pikel (D:4)
  A manticore (Lair:3)
  Joseph (D:8)
  3 black mambas (Lair:3)
  4 spiny frogs
  9 blink frogs
  2 hippogriffs
  14 yaks
  A basilisk (D:9)
  2 hungry ghosts
  Menkaure (D:5)
  5 water moccasins
  8 porcupines
  An ice beast (D:8)
  A sky beast (D:7)
  A slave (D:4)
  3 phantoms
  A black bear (D:9)
  4 centaurs
  2 ogres
  A wolf (Lair:2)
  5 crocodiles
  8 bullfrogs
  A wyvern zombie (D:6)
  A scorpion (D:5)
  3 killer bees (D:8)
  The ghost of gmonis the Conjurer, a weakling DrCj (D:3)
  A howler monkey (D:5)
  3 crimson imps
  A centaur zombie (D:6)
  3 hounds
  Crazy Yiuf (D:4)
  2 jellies
  An orc priest (D:3)
  A centaur skeleton (D:4)
  An orc wizard (D:3)
  An iguana (D:4)
  5 worker ants
  A hound skeleton (D:8)
  8 gnolls
  2 adders
  4 shadow imps
  3 oozes
  3 adder skeletons
  2 worms
  2 dart slugs
  4 leopard geckos
  16 orcs
  5 bats
  4 giant cockroaches
  10 goblins
  7 hobgoblins
  14 jackals
  9 kobolds
  4 quokkas
  4 frilled lizards
  2 jackal skeletons
  A quokka skeleton (D:6)
  A quokka zombie (D:9)
  9 rats
223 creatures vanquished.

Vanquished Creatures (others)
  A fungus (D:9)
  A plant (Lair:2)
2 creatures vanquished.

Grand Total: 225 creatures vanquished

Notes
Turn   | Place    | Note
-------+----------+-------------------------------------------
     0 | D:1      | Tallim the Minotaur Berserker began the quest for the Orb.
     0 | D:1      | Reached XP level 1. HP: 19/19 MP: 0/0
   312 | D:1      | Reached XP level 2. HP: 27/27 MP: 1/1
   392 | D:1      | Reached skill level 4 in Axes
   792 | D:1      | Reached XP level 3. HP: 33/33 MP: 2/2
  1317 | D:2      | Reached ** piety under Trog
  1841 | D:2      | Reached XP level 4. HP: 39/40 MP: 3/3
  2054 | D:3      | Reached skill level 5 in Axes
  2067 | D:3      | Noticed gmonis's ghost (weakling DrCj)
  2095 | D:3      | Killed gmonis's ghost
  2095 | D:3      | Reached XP level 5. HP: 29/46 MP: 4/4
  2364 | D:3      | Found a stormy altar of Qazlal.
  2425 | D:3      | Found a faded altar of an unknown god.
  2772 | D:4      | Found a shattered altar of Ashenzari.
  2834 | D:4      | Reached *** piety under Trog
  2835 | D:4      | Reached skill level 6 in Axes
  2933 | D:4      | Reached XP level 6. HP: 53/53 MP: 5/5
  2964 | D:4      | Noticed a slave
  2964 | D:4      | Noticed Pikel
  2965 | D:4      | Noticed a slave
  2965 | D:4      | Noticed a slave
  2967 | D:4      | Noticed a slave
  2980 | D:4      | Killed a slave
  2995 | D:4      | Killed Pikel
  2995 | D:4      | Reached skill level 5 in Fighting
  2995 | D:4      | Reached skill level 7 in Axes
  2995 | D:4      | Reached skill level 1 in Throwing
  2995 | D:4      | Reached skill level 5 in Armour
  2995 | D:4      | Reached XP level 7. HP: 28/61 MP: 6/6
  3217 | D:4      | Reached skill level 8 in Axes
  3667 | D:4      | Found a runed door.
  3759 | D:5      | Entered Level 5 of the Dungeon
  3763 | D:5      | Reached XP level 8. HP: 69/69 MP: 7/7
  3918 | D:5      | Found a staircase to the Ecumenical Temple.
  3978 | D:5      | Noticed Menkaure
  3988 | D:5      | Reached skill level 1 in Stealth
  3991 | D:5      | Killed Menkaure
  3992 | D:5      | Reached skill level 9 in Axes
  4365 | D:4      | Noticed Crazy Yiuf
  4372 | D:4      | Killed Crazy Yiuf
  5300 | D:7      | Reached XP level 9. HP: 70/78 MP: 8/8
  5310 | D:7      | Reached skill level 10 in Axes
  5314 | D:7      | Found a bloodstained altar of Trog.
  5471 | D:8      | Paralysed by fainting for 9 turns
  5538 | D:8      | Noticed a two-headed ogre
  5549 | D:8      | Killed a two-headed ogre
  5847 | D:8      | Reached **** piety under Trog
  5978 | D:8      | Reached skill level 5 in Dodging
  6045 | D:8      | Noticed Joseph
  6060 | D:8      | Killed Joseph
  6090 | D:8      | Reached skill level 11 in Axes
  6090 | D:8      | Reached skill level 5 in Shields
  6400 | D:8      | Reached XP level 10. HP: 88/88 MP: 9/9
  6561 | D:9      | Found a staircase to the Lair.
  7010 | Lair:1   | Entered Level 1 of the Lair of Beasts
  7353 | Lair:2   | Noticed a spiny frog
  7359 | Lair:2   | Reached ***** piety under Trog
  7371 | Lair:2   | Killed a spiny frog
  7567 | Lair:2   | Reached skill level 12 in Axes
  7567 | Lair:2   | Reached XP level 11. HP: 74/97 MP: 10/10
  8267 | Lair:3   | Found a transporter.
  8281 | Lair:3   | Noticed a swamp dragon
  8281 | Lair:3   | Noticed a swamp dragon
  8311 | Lair:3   | Found a staircase to the Shoals.
  8400 | Lair:3   | Reached skill level 10 in Armour
  8636 | Lair:3   | Found a transporter.
  8661 | Lair:3   | Reached skill level 10 in Shields
  8665 | Lair:3   | Reached skill level 10 in Fighting
  8672 | Lair:3   | Killed a swamp dragon
  8672 | Lair:3   | Reached skill level 13 in Axes
  8673 | Lair:3   | Killed a swamp dragon
  8676 | Lair:3   | HP: 4/100 [poison (poison gas)]
  8677 | Lair:3   | Succumbed to poison (poison gas)

Vault maps used:
D:1:      sevenhm_arrival_forest_fort_large_2, st_stairs_5, minmay_heptomino_h4
D:2:      minmay_door_path
D:3:      grunt_qazlal_sundering, chequers_ecumenical_altar_simple_redux
D:4:      lemuel_crystal_altar, first_ration, uniq_pikel,
          uniq_crazy_yiuf_cottage
D:5:      minmay_temple_entry_fiery, minmay_misc_feat_tower, uniq_menkaure
D:7:      amethyst_overflow_temple_binary, bloody_trog
D:8:      uniq_joseph
D:9:      minmay_lair_entry_grove, enter_bailey_3
Lair:1:   enter_volcano_3
Lair:2:   beast_lair_carwin_5
Lair:3:   gammafunk_cloud_chamber, minmay_shoals_entry_beasts,
          guppyfry_snake_entry_garden, cheibrodos_lair_reptile_den

Skill      XL: |  1  2  3  4  5  6  7  8  9 10 11 |
---------------+----------------------------------+-----
Fighting       | 4 5 6 7 9 10 | 10.2
Axes           | 4 5 6 7 8 9 11 12 13 | 13.1
Dodging        | 3 4 5 6 |  6.1
Armour         | 3 4 5 7 8 9 10 | 10.5
Throwing       | 1 |  1.6
Stealth        | 1 |  1.6
Shields        | 5 8 10 | 10.5

Action                   |  1- 3 |  4- 6 |  7- 9 | 10-12 || total
-------------------------+-------+-------+-------+-------++-------
Melee: Hand axe          |    83 |    95 |   359 |   276 ||   813
       Headbutt          |    12 |    16 |    66 |    68 ||   162
Throw: Tomahawk          |     1 |     6 |     2 |       ||     9
Invok: Berserk           |       |     2 |     2 |     4 ||     8
       Trog's Hand       |       |     1 |     1 |       ||     2
Evoke: Wand              |       |       |     1 |       ||     1
  Use: Scroll            |       |    16 |     1 |     6 ||    23
       Potion            |       |       |       |     1 ||     1
  Eat: Chunk             |     2 |       |     2 |     1 ||     5
       Ration            |       |     2 |     6 |     3 ||    11
Armor: Animal skin       |     2 |       |       |       ||     2
       Leather armour    |     5 |       |       |       ||     5
       Chain mail        |    20 |    15 |       |       ||    35
       Scale mail        |       |    17 |   101 |    40 ||   158
       Plate armour      |       |       |       |    58 ||    58
Dodge: Dodged            |    43 |    55 |   109 |    52 ||   259
Block: Large shield      |       |       |   101 |   278 ||   379

Table legend:
 A = Spawn XP
 B = Non-spawn XP
 C = Spawn XP percentage of total XP
 D = Spawn monster count
 E = Non-spawn monster count
 F = Spawn count percentage of total count
 G = Total turns spent on level
                    A         B        C        D         E        F      G
               +---------+---------+-------+---------+---------+-------+---------
         Total |       0 |   19813 |   0.0 |       0 |     222 |   0.0 |  8677
               +---------+---------+-------+---------+---------+-------+---------
           D:1 |       0 |      51 |   0.0 |       0 |      28 |   0.0 |  1244
           D:2 |       0 |      55 |   0.0 |       0 |      24 |   0.0 |   805
           D:3 |       0 |     179 |   0.0 |       0 |      21 |   0.0 |   723
           D:4 |       0 |    1172 |   0.0 |       0 |      17 |   0.0 |  1403
           D:5 |       0 |     618 |   0.0 |       0 |      15 |   0.0 |   416
           D:6 |       0 |     603 |   0.0 |       0 |      14 |   0.0 |   617
           D:7 |       0 |     457 |   0.0 |       0 |       9 |   0.0 |   214
           D:8 |       0 |    2466 |   0.0 |       0 |      27 |   0.0 |  1081
           D:9 |       0 |    1890 |   0.0 |       0 |      16 |   0.0 |   507
        Lair:1 |       0 |     153 |   0.0 |       0 |       1 |   0.0 |    26
        Lair:2 |       0 |    4416 |   0.0 |       0 |      24 |   0.0 |  1213
        Lair:3 |       0 |    7753 |   0.0 |       0 |      26 |   0.0 |   428
               +---------+---------+-------+---------+---------+-------+---------
